 Dungeon Crawl Stone Soup version 0.27.0-1-g7a089689b8 (webtiles) character file.

Game seed: 9002632345763759334

820 Malachi the Insei (level 7, -2/51 HPs)
             Began as a Demigod Transmuter on Aug 17, 2021.
             Killed by divine providence
             ... invoked by an orc priest
              (16 damage)
             ... on level 6 of the Dungeon.
             The game lasted 00:10:04 (6865 turns).

Malachi the Insei (Demigod Transmuter)              Turns: 6865, Time: 00:10:04

Health: -2/51      AC:  2    Str: 11    XL:     7   Next: 36%
Magic:  12/13      EV: 23    Int: 23    God:
Gold:   173        SH:  0    Dex: 19    Spells: 6/10 levels left

rFire    . . .     SeeInvis .     - Unarmed
rCold    . . .     Faith    .   (shield currently unavailable)
rNeg     . . .     Spirit   .   (armour currently unavailable)
rPois    x         Reflect  .   (helmet currently unavailable)
rElec    .         Harm     .   (cloak currently unavailable)
rCorr    .         Rampage  .   (gloves currently unavailable)
Will     .....                  (boots currently unavailable)
Stlth    ++........             (no amulet)
HPRegen  0.17/turn              l - +4 ring of evasion
MPRegen  0.13/turn              (no ring)

@: spider-form, studying Shields
A: venomous fangs, tiny, high mp 1, forlorn
a: End Transformation


You were on level 6 of the Dungeon.
You were a venomous arachnid creature.
You visited 1 branch of the dungeon, and saw 6 of its levels.

You collected 173 gold pieces.

Inventory:

Hand Weapons
 e - a +3 vorpal whip
Missiles
 q - 41 poisoned darts (quivered)
Armour
 a - a +1 robe (melded)
Magical Staves
 j - a staff of fire
Jewellery
 l - a +4 ring of evasion (left front leg)
Wands
 k - a wand of flame (9)
 s - a wand of mindburst (11)
Scrolls
 g - 4 scrolls of teleportation
 h - a scroll of magic mapping
 m - a scroll of identify
 r - a scroll of fog
Potions
 b - 2 potions of attraction {unknown}
 c - 2 potions of curing
 d - a potion of berserk rage {unknown}
 f - 2 potions of lignification
 i - a potion of invisibility {unknown}
 n - a potion of haste {unknown}
 o - a potion of might {unknown}
 t - a potion of ambrosia {unknown}


   Skills:
 - Level 0.8 Fighting
 - Level 2.1 Dodging
 + Level 1.4 Stealth
 - Level 6.0 Unarmed Combat
 - Level 2.0 Spellcasting
 * Level 4.3 Transmutations
 * Level 3.1 Poison Magic


You had 6 spell levels left.
You knew the following spells:

 Your Spells              Type           Power      Damage    Failure   Level
a - Beastly Appendage     Tmut           44%        N/A       9%          1
b - Spider Form           Tmut/Pois      9%         N/A       22%         3

Your spell library contained the following spells:

 Spells                   Type           Power      Damage    Failure   Level
 Wereblood                Tmut           22%        N/A       11%         2
 Call Canine Familiar     Summ           2%         N/A       58%         3
 Portal Projectile        Hex/Tloc       4%         N/A       58%         3
 Ice Form                 Ice/Tmut       12%        N/A       67%         4
 Leda's Liquefaction      Hex/Erth       1%         N/A       90%         4


Dungeon Overview and Level Annotations

Branches:
Dungeon (6/15)             Temple (0/1) D:4

Shops:
D:1 [   D:2 *   D:3 [

Annotations:
D:4 2 transporters, happy's ghost, amateur PaAK


Innate Abilities, Weirdness & Mutations

You are a venomous arachnid creature.
You have poisonous fangs.
You are tiny and dextrous.
Your spellcasting is less reliable in this form.
Your armour is entirely melded.
You are incapable of wielding weapons or throwing items.
Your attributes grow dramatically as you level up.
You have an increased reservoir of magic. (+10% MP)
You shall have no god before yourself.


Message History

Things that are here:
a +0 dagger; a +0 robe; an orc corpse An orc comes into view.
It is wielding a +0 mace.
The orc moves out of view.
An orc comes into view. It is wielding a +0 short sword.
The orc shouts!
The orc priest shouts! x2
Your transformation has ended.
Your +1 robe unmelds from your body.
The orc priest invokes the aid of Beogh against you.
Beogh smites you!
Things that are here:
a +0 dagger; a +0 robe; an orc corpse
Casting: Spider Form (dangerous; 9% risk of failure)
Confirm with . or Enter, or press ? or * to list all spells.
You turn into a venomous arachnid creature.
Your +1 robe melds into your body.
The orc shouts!
The orc priest shouts!
The orc priest looks encouraged for a moment.
The orc priest calls down the wrath of Beogh upon you.
Beogh smites you!
Things that are here:
a +0 dagger; a +0 robe; an orc corpse You hit the orc priest but do no damage.
The orc priest hits you with a +0 short sword.
You hit the orc priest but do no damage.
The orc priest is poisoned.
The orc completely misses you.
The orc priest looks encouraged for a moment.
The orc priest hits you with a +0 short sword.
Things that are here:
a +0 dagger; a +0 robe; an orc corpse The orc priest mumbles some strange prayers to Beogh against you.
Beogh smites you!
* * * LOW HITPOINT WARNING * * *
You see here 5 bolts.
The orc priest looks more healthy.
The orc priest mumbles some strange prayers to Beogh against you.
Beogh smites you!
You die...

#o..oo$[ #######
#)###### #.....#
############.#
#.###.#
#....#.o..oo.#
#...#.#
#.##.#o#######
###.#.#####.##.#o#
#.#..........#.#
#.#######.####o#
#.......#.so.(.#
#######.########
#..<#.# #.###.#
#.....# #######


You could see an orc priest and an orc.

Vanquished Creatures
  A wyvern (D:4)
  A water moccasin (D:5)
  2 ogres (D:5)
  A bullfrog zombie (D:5)
  A hound (D:4)
  2 centaur skeletons (D:4)
  An orc priest (D:3)
  Terence (D:3)
  An iguana (D:4)
  An orc wizard (D:6)
  A hound skeleton (D:5)
  A howler monkey zombie (D:5)
  4 adders
  A gnoll (D:2)
  An ufetubus (D:4)
  An adder zombie (D:4)
  4 worms
  5 dart slugs
  12 orcs
  7 endoplasms
  3 giant cockroaches
  8 goblins
  A hobgoblin (D:1)
  2 jackals (D:2)
  A quokka (D:1)
  2 ball pythons
  5 bats
  5 frilled lizards
  10 kobolds
  5 rats
91 creatures vanquished.

Notes
Turn   | Place    | Note
-------+----------+-------------------------------------------
     0 | D:1      | Malachi the Demigod Transmuter began the quest for the Orb.
     0 | D:1      | Reached XP level 1. HP: 15/15 MP: 5/5
   112 | D:1      | Found Toof's Antique Armour Emporium.
   204 | D:1      | Reached skill level 3 in Unarmed Combat
   533 | D:1      | Reached XP level 2. HP: 22/22 MP: 7/7
  1254 | D:2      | Found Tuodeg's Assorted Antiques.
  1769 | D:2      | Reached XP level 3. HP: 27/27 MP: 6/8
  1773 | D:2      | Learned a level 3 spell: Spider Form
  2261 | D:3      | Found Taix's Antique Armour Boutique.
  2491 | D:3      | Reached skill level 4 in Unarmed Combat
  2491 | D:3      | Reached XP level 4. HP: 21/34 MP: 6/9
  2676 | D:3      | Noticed Terence
  2760 | D:3      | Killed Terence
  4083 | D:4      | Reached skill level 1 in Poison Magic
  4083 | D:4      | Reached XP level 5. HP: 33/39 MP: 5/10
  4216 | D:4      | Found a staircase to the Ecumenical Temple.
  4329 | D:4      | Found a transporter.
  4480 | D:4      | Found a transporter.
  4488 | D:4      | Noticed happy's ghost (amateur PaAK)
  5038 | D:4      | Noticed a wyvern
  5051 | D:4      | Killed a wyvern
  5052 | D:4      | Reached skill level 1 in Stealth
  5052 | D:4      | Reached skill level 5 in Unarmed Combat
  5052 | D:4      | Reached XP level 6. HP: 15/46 MP: 8/11
  5697 | D:5      | Entered Level 5 of the Dungeon
  6020 | D:5      | Reached skill level 6 in Unarmed Combat
  6078 | D:5      | Noticed a water moccasin
  6091 | D:5      | Killed a water moccasin
  6092 | D:5      | Reached XP level 7. HP: 35/51 MP: 10/13
  6865 | D:6      | Killed from afar by an orc priest

Illustrated notes

Levels and vault maps discovered:
D:1:      minmay_arrival_shattered_statue, layout_basic, serial_rivers,
          chequers_serial_rivers_micro_b, chequers_serial_rivers_small_3,
          chequers_serial_rivers_micro_c, chequers_serial_rivers_micro_c,
          chequers_serial_rivers_large_a, chequers_serial_rivers_small_b,
          serial_shops, shop
D:2:      layout_loops_corners, basic_ecumenical_altar, serial_shops,
          nicolae_lakefront_shop, eino_curves_04, cheibrodos_gnoll_hut
D:3:      cheibrodos_pilgrimage, layout_basic, fedhas_altar_3, serial_shops,
          shop_fountains, uniq_terence
D:4:      layout_basic, temple_hall, gammafunk_ghost_stat_death,
          minmay_hedge_maze, minmay_manual_moon
D:5:      layout_loops_ring, nicolae_overflow_crystal_walls,
          kennysheep_little_box, serial_bayou_pond_a
D:6:      layout_basic, dk_vineyard_2

Skill      XL: |  1  2  3  4  5  6  7 |
---------------+----------------------+-----
Unarmed Combat | 3 4 5 6 |  6.0
Dodging        | 2 |  2.1
Transmutations | 2 3 4 |  4.3
Spellcasting   | 2 |  2.0
Poison Magic   | 1 2 3 |  3.1
Stealth        | 1 |  1.4
Fighting       | |  0.8

Action                   |  1- 3 |  4- 6 |  7- 9 || total
-------------------------+-------+-------+-------++-------
Melee: Unarmed           |    88 |   159 |    26 ||   273
       Kick              |    16 |     6 |       ||    22
       Headbutt          |    10 |     5 |       ||    15
       Punch             |     1 |     2 |       ||     3
Throw: Boomerang         |     8 |       |       ||     8
 Cast: Beastly Appendage |    22 |    11 |       ||    33
       Spider Form       |     2 |    15 |     5 ||    22
  Use: Scroll            |     3 |     7 |     2 ||    12
       Potion            |       |     1 |       ||     1
 Stab: Sleeping          |       |     2 |       ||     2
Armor: Robe              |    19 |    18 |       ||    37
       Skin              |     2 |     5 |       ||     7
Dodge: Dodged            |    55 |   130 |    20 ||   205
